[ AOE2 MATCH · #481753136 ]
Team RMMalians vs Khitans
[ REPLAY ANALYSIS · EXTRACTED FROM THE RECORDED GAME ]
Feudal
8:10
Castle
—
Imperial
—
| APM avg | 58.4 |
| APM peak | 90 |
| eAPM avg | 25.9 |
| Villagers / military | 39 / 39 |
Focus
⚔️ 45.7% · 🌾 54.3%
Archer ×37 · Militia ×2
Feudal
7:54
Castle
19:57
Imperial
—
| APM avg | 65.3 |
| APM peak | 94 |
| eAPM avg | 23.8 |
| Villagers / military | 41 / 29 |
Focus
⚔️ 47.8% · 🌾 52.2%
Steppe Lancer ×19 · Scout Cavalry ×10
Feudal
10:24
Castle
—
Imperial
—
| APM avg | 87.3 |
| APM peak | 155 |
| eAPM avg | 53.5 |
| Villagers / military | 52 / 4 |
Focus
⚔️ 69.6% · 🌾 30.4%
Spearman ×4
Feudal
7:26
Castle
21:28
Imperial
—
| APM avg | 111.1 |
| APM peak | 218 |
| eAPM avg | 71.3 |
| Villagers / military | 55 / 40 |
Focus
⚔️ 82.5% · 🌾 17.5%
Archer ×40
Feudal
9:36
Castle
—
Imperial
—
| APM avg | 64.6 |
| APM peak | 93 |
| eAPM avg | 19.3 |
| Villagers / military | 41 / 28 |
Focus
⚔️ 25.2% · 🌾 74.8%
Scout Cavalry ×28
Feudal
7:38
Castle
—
Imperial
—
| APM avg | 47.3 |
| APM peak | 92 |
| eAPM avg | 27.2 |
| Villagers / military | 48 / 0 |
Focus
⚔️ 34.4% · 🌾 65.6%
Feudal
—
Castle
—
Imperial
—
| APM avg | 74.5 |
| APM peak | 98 |
| eAPM avg | 31.4 |
| Villagers / military | 54 / 20 |
Focus
⚔️ 28.7% · 🌾 71.3%
Scout Cavalry ×20
Feudal
10:04
Castle
14:53
Imperial
—
| APM avg | 54.5 |
| APM peak | 77 |
| eAPM avg | 19.3 |
| Villagers / military | 37 / 15 |
Focus
⚔️ 44.6% · 🌾 55.4%
Knight ×8 · Spearman ×3 · Monk ×2 · Scout Cavalry ×2
Match map
Initial resources + every placement click. Lines = walls · curves = elevation contours. ◆ gold · ⬟ stone · ● berries · ✦ relic · ◌ wall gap
Your base· Open — 5t gap
Ux'Max <3's base· ✓ Closed at 19:57 · 5t walls · 1 gate(s)
DS_John III's base· Open — unwalled flank
Ux'LobodeLaNieve's base· ✓ Closed at 21:28 · 38t walls · no gate
Suinsi's base· Open — unwalled flank
Ux'Randy Strange's base· Open — unwalled flank
UXKEKO's base· Open — unwalled flank
CR | Harahgon's base· Open — 4t gap
Smoothed initial terrain · ◌ = detected wall gap · hover for details
Inputs per minute
— Marciano_ - - Ux'Max <3
Build order — Marciano_
135 actions detected in the replay
| 0:02 | Create | Villager (Male) |
| 0:02 | Create | Villager (Male) |
| 0:03 | Build | House |
| 0:04 | Build | House |
| 0:06 | Research | Loom |
| 0:22 | Create | Villager (Male) |
| 0:23 | Create | Villager (Male) |
| 0:23 | Create | Villager (Male) |
| 0:23 | Create | Villager (Male) |
| 1:08 | Create | Villager (Male) |
| 1:08 | Create | Villager (Male) |
| 2:00 | Create | Villager (Male) |
| 2:15 | Create | Villager (Male) |
| 2:25 | Build | House |
| 2:32 | Create | Villager (Male) |
| 2:50 | Create | Villager (Male) |
| 3:07 | Build | Lumber Camp |
| 4:12 | Create | Villager (Male) |
| 4:45 | Create | Villager (Male) |
| 5:22 | Create | Villager (Male) |
| 5:26 | Build | Mining Camp |
| 5:45 | Build | House |
| 6:00 | Research | Feudal Age |
| 6:00 | Research | Feudal Age |
| 6:00 | Research | Feudal Age |
| 6:41 | Build | Barracks |
| 7:31 | Create | Villager (Male) |
| 7:48 | Create | Villager (Male) |
| 8:10 | Age | Feudal Age |
| 8:13 | Build | Archery Range |
| 8:15 | Build | Archery Range |
| 8:19 | Build | House |
| 8:21 | Create | Villager (Male) |
| 8:50 | Create | Villager (Male) |
| 9:07 | Build | Blacksmith |
| 9:09 | Create | Archer |
| 9:11 | Create | Archer |
| 9:11 | Create | Archer |
| 9:27 | Create | Villager (Male) |
| 9:38 | Create | Archer |
| 9:43 | Build | Palisade Wall |
| 9:52 | Create | Villager (Male) |
| 10:05 | Research | Fletching |
| 10:05 | Research | Fletching |
| 10:07 | Build | House |
| 10:08 | Create | Villager (Male) |
| 10:13 | Create | Villager (Male) |
| 10:21 | Create | Archer |
| 10:35 | Build | Mill |
| 10:38 | Build | Mill |
| 10:39 | Create | Archer |
| 10:43 | Build | Palisade Wall |
| 10:44 | Research | Double-Bit Axe |
| 11:01 | Create | Archer |
| 11:11 | Build | Palisade Wall |
| 11:23 | Build | House |
| 11:26 | Build | Palisade Wall |
| 11:31 | Create | Archer |
| 11:53 | Create | Militia |
| 11:54 | Create | Militia |
| 12:05 | Create | Archer |
| 12:05 | Create | Archer |
| 12:11 | Create | Villager (Male) |
| 12:18 | Build | House |
| 12:22 | Build | House |
| 12:27 | Build | Farm |
| 12:35 | Create | Villager (Male) |
| 12:37 | Build | House |
| 12:45 | Create | Archer |
| 12:45 | Create | Archer |
| 12:49 | Build | House |
| 12:54 | Create | Villager (Male) |
| 13:21 | Create | Villager (Male) |
| 13:36 | Create | Villager (Male) |
| 13:40 | Create | Archer |
| 13:40 | Create | Archer |
| 13:43 | Build | House |
| 13:46 | Build | Farm |
| 13:50 | Build | Farm |
| 13:52 | Create | Archer |
| 13:59 | Build | Palisade Wall |
| 14:05 | Create | Villager (Male) |
| 14:13 | Create | Archer |
| 14:16 | Build | Farm |
| 14:18 | Build | Farm |
| 14:49 | Create | Villager (Male) |
| 14:51 | Create | Archer |
| 14:51 | Create | Archer |
| 15:03 | Create | Villager (Male) |
| 15:04 | Create | Archer |
| 15:11 | Build | Farm |
| 15:12 | Create | Archer |
| 15:23 | Create | Villager (Male) |
| 15:24 | Create | Archer |
| 15:36 | Create | Archer |
| 15:54 | Create | Archer |
| 16:11 | Build | House |
| 16:17 | Create | Archer |
| 16:19 | Create | Villager (Male) |
| 16:47 | Build | Lumber Camp |
| 16:57 | Build | Palisade Wall |
| 16:59 | Create | Villager (Male) |
| 17:13 | Create | Villager (Male) |
| 17:33 | Create | Villager (Male) |
| 17:43 | Create | Archer |
| 17:43 | Create | Archer |
| 17:57 | Create | Archer |
| 18:22 | Create | Villager (Male) |
| 18:47 | Build | House |
| 18:50 | Build | Farm |
| 18:51 | Create | Archer |
| 18:51 | Create | Archer |
| 18:54 | Build | Market |
| 18:56 | Create | Archer |
| 18:56 | Create | Archer |
| 18:59 | Create | Villager (Male) |
| 19:16 | Build | House |
| 19:17 | Create | Archer |
| 19:18 | Create | Archer |
| 19:25 | Build | Watch Tower |
| 19:53 | Build | Farm |
| 19:54 | Create | Archer |
| 19:54 | Create | Archer |
| 20:03 | Build | Palisade Gate |
| 20:05 | Build | House |
| 20:08 | Build | House |
| 20:25 | Build | House |
| 20:32 | Research | Castle Age |
| 20:32 | Research | Castle Age |
| 20:44 | Build | Lumber Camp |
| 20:51 | Build | Farm |
| 21:14 | Create | Archer |
| 21:14 | Create | Archer |
| 21:29 | Build | Archery Range |
| 21:34 | Create | Villager (Male) |
Build order — Ux'Max <3
118 actions detected in the replay
| 0:01 | Create | Villager (Male) |
| 0:01 | Create | Villager (Male) |
| 0:02 | Create | Villager (Male) |
| 0:02 | Create | Villager (Male) |
| 0:04 | Build | House |
| 0:06 | Research | Loom |
| 0:14 | Build | House |
| 0:24 | Create | Villager (Male) |
| 0:28 | Create | Villager (Male) |
| 0:32 | Create | Villager (Male) |
| 0:33 | Create | Villager (Male) |
| 1:16 | Create | Villager (Male) |
| 1:29 | Build | Lumber Camp |
| 2:28 | Create | Villager (Male) |
| 2:28 | Create | Villager (Male) |
| 2:34 | Create | Villager (Male) |
| 3:35 | Build | House |
| 3:37 | Build | House |
| 3:41 | Create | Villager (Male) |
| 4:15 | Create | Villager (Male) |
| 4:16 | Create | Villager (Male) |
| 4:33 | Build | Mill |
| 4:40 | Create | Villager (Male) |
| 5:44 | Research | Feudal Age |
| 5:44 | Research | Feudal Age |
| 6:47 | Build | Barracks |
| 7:00 | Create | Villager (Male) |
| 7:54 | Age | Feudal Age |
| 7:57 | Create | Villager (Male) |
| 8:02 | Build | Stable |
| 8:15 | Create | Villager (Male) |
| 8:49 | Create | Scout Cavalry |
| 8:49 | Create | Scout Cavalry |
| 8:52 | Build | Blacksmith |
| 8:58 | Create | Villager (Male) |
| 9:05 | Build | House |
| 9:06 | Build | House |
| 9:20 | Create | Scout Cavalry |
| 9:24 | Create | Villager (Male) |
| 9:48 | Create | Scout Cavalry |
| 10:01 | Build | Pasture |
| 10:02 | Create | Villager (Male) |
| 10:20 | Build | House |
| 10:30 | Create | Villager (Male) |
| 10:38 | Build | Pasture |
| 10:49 | Create | Scout Cavalry |
| 11:10 | Create | Villager (Male) |
| 11:16 | Build | Pasture |
| 11:21 | Create | Scout Cavalry |
| 11:34 | Create | Villager (Male) |
| 11:42 | Build | Pasture |
| 11:56 | Research | Forging |
| 12:05 | Build | Palisade Wall |
| 12:08 | Create | Villager (Male) |
| 12:20 | Create | Villager (Male) |
| 12:29 | Build | Pasture |
| 12:35 | Create | Scout Cavalry |
| 12:47 | Create | Villager (Male) |
| 13:17 | Research | Scale Barding Armor |
| 13:18 | Create | Villager (Male) |
| 13:26 | Create | Villager (Male) |
| 13:37 | Create | Villager (Male) |
| 13:42 | Build | Pasture |
| 13:45 | Build | Pasture |
| 13:49 | Build | Pasture |
| 13:50 | Create | Villager (Male) |
| 14:30 | Build | Palisade Gate |
| 14:32 | Build | Palisade Wall |
| 14:34 | Build | Palisade Wall |
| 14:35 | Build | Palisade Wall |
| 14:55 | Create | Villager (Male) |
| 15:15 | Create | Villager (Male) |
| 15:32 | Create | Villager (Male) |
| 15:33 | Build | Mining Camp |
| 16:02 | Research | Wheelbarrow |
| 16:07 | Build | House |
| 16:08 | Build | House |
| 16:22 | Build | House |
| 16:46 | Create | Scout Cavalry |
| 17:02 | Research | Castle Age |
| 17:06 | Create | Scout Cavalry |
| 17:22 | Build | House |
| 17:28 | Build | Stable |
| 17:29 | Build | Stable |
| 17:38 | Create | Scout Cavalry |
| 17:57 | Build | House |
| 17:59 | Build | House |
| 18:01 | Research | Double-Bit Axe |
| 18:17 | Build | House |
| 18:55 | Build | Lumber Camp |
| 19:00 | Build | House |
| 19:00 | Build | Palisade Wall |
| 19:44 | Build | Pasture |
| 19:47 | Research | Tech 1014 |
| 19:57 | Age | Castle Age |
| 19:59 | Create | Steppe Lancer |
| 19:59 | Create | Steppe Lancer |
| 19:59 | Create | Steppe Lancer |
| 20:01 | Research | Fletching |
| 20:03 | Research | Chain Barding Armor |
| 20:03 | Research | Chain Barding Armor |
| 20:19 | Create | Steppe Lancer |
| 20:19 | Create | Steppe Lancer ×4 |
| 20:20 | Create | Steppe Lancer ×3 |
| 20:20 | Create | Steppe Lancer ×3 |
| 20:20 | Create | Villager (Male) |
| 20:26 | Build | House |
| 20:30 | Create | Villager (Male) |
| 20:49 | Create | Villager (Male) |
| 21:10 | Create | Steppe Lancer |
| 21:10 | Create | Steppe Lancer |
| 21:15 | Create | Villager (Male) |
| 21:27 | Create | Villager (Male) |
| 21:35 | Build | Town Center |
| 21:52 | Create | Steppe Lancer |
| 21:53 | Create | Steppe Lancer |
| 21:53 | Create | Steppe Lancer |
| 21:56 | Create | Villager (Male) |
Build order — DS_John III
123 actions detected in the replay
| 0:01 | Create | Villager (Male) ×4 |
| 0:02 | Build | House |
| 0:04 | Research | Loom |
| 0:04 | Research | Loom |
| 0:05 | Build | House |
| 0:15 | Build | Mill |
| 0:33 | Create | Villager (Male) |
| 0:34 | Create | Villager (Male) |
| 0:34 | Create | Villager (Male) |
| 0:34 | Create | Villager (Male) |
| 1:20 | Create | Villager (Male) |
| 1:20 | Create | Villager (Male) |
| 2:20 | Build | House |
| 2:23 | Create | Villager (Male) |
| 2:23 | Create | Villager (Male) |
| 2:40 | Create | Villager (Male) |
| 2:41 | Create | Villager (Male) |
| 2:41 | Create | Villager (Male) |
| 2:54 | Create | Villager (Male) |
| 2:54 | Create | Villager (Male) |
| 3:23 | Build | Lumber Camp |
| 3:26 | Create | Villager (Male) |
| 3:27 | Create | Villager (Male) |
| 3:35 | Build | House |
| 3:40 | Create | Villager (Male) |
| 3:40 | Create | Villager (Male) |
| 3:40 | Create | Villager (Male) |
| 4:20 | Create | Villager (Male) |
| 4:21 | Create | Villager (Male) |
| 4:34 | Create | Villager (Male) |
| 4:34 | Create | Villager (Male) |
| 5:16 | Build | House |
| 5:46 | Build | Palisade Wall |
| 5:49 | Build | Palisade Wall |
| 5:50 | Build | Palisade Wall |
| 6:20 | Create | Villager (Male) |
| 6:30 | Build | Palisade Wall |
| 6:36 | Build | Barracks |
| 6:52 | Create | Villager (Male) |
| 7:09 | Build | Palisade Wall |
| 7:10 | Build | Palisade Wall |
| 7:23 | Create | Villager (Male) |
| 7:28 | Create | Villager (Male) |
| 7:41 | Build | Palisade Wall |
| 7:43 | Research | Feudal Age |
| 7:43 | Research | Feudal Age |
| 8:43 | Build | Palisade Wall |
| 9:00 | Build | House |
| 9:25 | Build | House |
| 9:52 | Build | House |
| 10:00 | Build | House |
| 10:24 | Age | Feudal Age |
| 10:25 | Build | Mining Camp |
| 10:27 | Create | Villager (Male) |
| 10:29 | Build | Watch Tower |
| 10:44 | Build | House |
| 11:01 | Create | Villager (Male) |
| 11:07 | Build | Blacksmith |
| 11:14 | Create | Villager (Male) |
| 11:32 | Research | Fletching |
| 11:32 | Research | Fletching |
| 11:44 | Build | Palisade Wall |
| 11:45 | Build | House |
| 11:52 | Create | Spearman |
| 12:06 | Create | Villager (Male) |
| 12:23 | Create | Villager (Male) |
| 12:36 | Build | Market |
| 12:45 | Build | House |
| 12:47 | Build | House |
| 13:00 | Create | Spearman |
| 13:15 | Create | Villager (Male) |
| 13:34 | Create | Spearman |
| 13:38 | Create | Villager (Male) |
| 14:11 | Build | Palisade Wall |
| 14:12 | Build | Palisade Wall |
| 14:12 | Build | Palisade Wall |
| 14:16 | Build | Palisade Wall |
| 14:18 | Build | Palisade Wall |
| 14:28 | Create | Villager (Male) |
| 14:54 | Create | Villager (Male) |
| 15:27 | Create | Villager (Male) |
| 15:48 | Create | Villager (Male) |
| 15:56 | Build | Farm |
| 15:56 | Build | Farm |
| 15:57 | Build | Farm |
| 15:58 | Build | Farm |
| 16:20 | Create | Villager (Male) |
| 16:24 | Build | Farm |
| 16:28 | Build | Farm |
| 16:33 | Build | Farm |
| 16:45 | Create | Villager (Male) |
| 16:56 | Build | Watch Tower |
| 17:11 | Create | Villager (Male) |
| 17:24 | Create | Villager (Male) |
| 17:40 | Build | Farm |
| 17:41 | Build | Farm |
| 17:43 | Create | Villager (Male) |
| 18:05 | Build | House |
| 18:11 | Create | Villager (Male) |
| 18:20 | Research | Horse Collar |
| 18:20 | Research | Horse Collar |
| 18:21 | Research | Double-Bit Axe |
| 18:21 | Research | Double-Bit Axe |
| 18:27 | Build | House |
| 18:33 | Build | House |
| 18:42 | Create | Villager (Male) |
| 19:06 | Create | Villager (Male) |
| 19:30 | Create | Villager (Male) |
| 19:34 | Build | House |
| 19:37 | Build | Farm |
| 19:38 | Build | Farm |
| 19:40 | Build | Farm |
| 19:42 | Build | Farm |
| 19:43 | Build | Farm |
| 19:44 | Build | Farm |
| 19:46 | Build | Mill |
| 20:13 | Create | Villager (Male) |
| 20:41 | Create | Villager (Male) |
| 21:14 | Build | House |
| 21:20 | Build | House |
| 21:23 | Build | House |
| 21:34 | Create | Spearman |
| 21:39 | Build | House |
Build order — Ux'LobodeLaNieve
145 actions detected in the replay
| 0:03 | Research | Loom |
| 0:05 | Build | House |
| 0:06 | Build | House |
| 0:11 | Create | Villager (Male) |
| 0:15 | Create | Villager (Male) |
| 0:15 | Create | Villager (Male) |
| 0:21 | Create | Villager (Male) |
| 1:13 | Build | Lumber Camp |
| 1:13 | Create | Villager (Male) |
| 1:13 | Create | Villager (Male) |
| 1:49 | Create | Villager (Male) |
| 2:17 | Create | Villager (Male) |
| 2:20 | Create | Villager (Male) |
| 2:50 | Build | House |
| 2:56 | Create | Villager (Male) |
| 3:11 | Create | Villager (Male) |
| 3:18 | Create | Villager (Male) |
| 3:23 | Build | House |
| 3:49 | Create | Villager (Male) |
| 3:49 | Create | Villager (Male) |
| 4:08 | Build | Mining Camp |
| 4:42 | Create | Villager (Male) |
| 5:16 | Research | Feudal Age |
| 5:16 | Research | Feudal Age |
| 5:52 | Create | Villager (Male) |
| 6:26 | Build | Barracks |
| 6:34 | Create | Villager (Male) |
| 7:26 | Age | Feudal Age |
| 7:27 | Build | Archery Range |
| 7:55 | Create | Villager (Male) |
| 7:57 | Build | Archery Range |
| 8:05 | Create | Villager (Male) |
| 8:22 | Build | House |
| 8:46 | Create | Villager (Male) |
| 8:48 | Create | Villager (Male) |
| 8:48 | Create | Villager (Male) |
| 8:52 | Create | Archer |
| 8:52 | Create | Archer |
| 8:53 | Create | Archer |
| 9:01 | Build | House |
| 9:09 | Build | Blacksmith |
| 9:23 | Create | Archer |
| 9:29 | Create | Villager (Male) |
| 9:39 | Build | House |
| 9:43 | Build | House |
| 10:06 | Create | Archer |
| 10:07 | Create | Villager (Male) |
| 10:26 | Create | Villager (Male) |
| 10:29 | Build | House |
| 10:30 | Build | Palisade Wall |
| 10:33 | Build | Palisade Wall |
| 10:36 | Build | Palisade Wall |
| 10:39 | Build | Palisade Wall |
| 10:51 | Research | Fletching |
| 10:54 | Create | Archer |
| 11:14 | Create | Villager (Male) |
| 11:19 | Create | Archer |
| 11:19 | Create | Archer |
| 11:47 | Create | Archer |
| 11:48 | Create | Archer |
| 12:03 | Create | Villager (Male) |
| 12:06 | Build | Mill |
| 12:09 | Create | Archer |
| 12:20 | Create | Villager (Male) |
| 12:26 | Build | Palisade Wall |
| 12:27 | Create | Archer |
| 12:33 | Create | Villager (Male) |
| 12:36 | Build | House |
| 12:48 | Research | Padded Archer Armor |
| 12:49 | Create | Archer |
| 13:03 | Create | Villager (Male) |
| 13:34 | Create | Archer |
| 13:38 | Create | Archer |
| 13:40 | Create | Villager (Male) |
| 13:47 | Create | Villager (Male) |
| 13:47 | Create | Villager (Male) |
| 13:49 | Build | Farm |
| 13:57 | Create | Archer |
| 13:57 | Create | Archer |
| 13:59 | Create | Villager (Male) |
| 14:03 | Build | Farm |
| 14:06 | Build | Farm |
| 14:16 | Create | Archer |
| 14:16 | Create | Archer |
| 14:45 | Create | Archer |
| 14:57 | Create | Archer |
| 14:57 | Create | Archer |
| 14:59 | Create | Villager (Male) ×5 |
| 15:13 | Build | Farm |
| 15:15 | Build | Farm |
| 15:21 | Create | Archer |
| 15:26 | Create | Villager (Male) |
| 15:43 | Create | Villager (Male) |
| 15:43 | Create | Villager (Male) |
| 15:46 | Create | Villager (Male) |
| 15:52 | Build | Market |
| 15:57 | Create | Archer |
| 15:58 | Create | Archer |
| 15:58 | Create | Villager (Male) |
| 16:23 | Create | Villager (Male) |
| 16:27 | Build | Mill |
| 16:38 | Create | Villager (Male) |
| 16:38 | Create | Villager (Male) |
| 16:42 | Build | Lumber Camp |
| 16:43 | Create | Villager (Male) |
| 16:43 | Create | Villager (Male) |
| 16:49 | Create | Archer ×3 |
| 16:55 | Create | Villager (Male) |
| 17:24 | Create | Villager (Male) |
| 17:24 | Create | Villager (Male) |
| 17:26 | Build | Farm |
| 17:31 | Build | Farm |
| 17:54 | Build | Farm |
| 17:56 | Build | Farm |
| 17:57 | Create | Villager (Male) |
| 18:01 | Create | Archer |
| 18:04 | Create | Archer |
| 18:39 | Create | Archer |
| 18:48 | Research | Castle Age |
| 18:49 | Research | Castle Age |
| 18:51 | Create | Archer |
| 19:07 | Build | Farm |
| 19:11 | Research | Double-Bit Axe |
| 19:16 | Research | Horse Collar |
| 19:28 | Create | Archer |
| 19:28 | Create | Archer |
| 19:50 | Build | House |
| 19:52 | Build | House |
| 19:58 | Create | Archer |
| 20:03 | Create | Archer |
| 20:04 | Create | Archer |
| 20:28 | Create | Archer |
| 20:29 | Create | Archer |
| 20:51 | Build | House |
| 20:56 | Research | Gold Mining |
| 20:56 | Research | Gold Mining |
| 21:01 | Build | House |
| 21:17 | Create | Archer |
| 21:28 | Age | Castle Age |
| 21:30 | Research | Crossbowman (upgrade) |
| 21:31 | Research | Bodkin Arrow |
| 21:31 | Research | Bodkin Arrow |
| 21:32 | Create | Villager (Male) |
| 21:37 | Build | University |
| 21:57 | Create | Villager (Male) |
Build order — Suinsi
142 actions detected in the replay
| 0:02 | Research | Loom |
| 0:02 | Research | Loom |
| 0:03 | Research | Loom |
| 0:04 | Build | House |
| 0:06 | Build | House |
| 0:10 | Build | House |
| 0:28 | Create | Villager (Male) ×4 |
| 1:03 | Build | Lumber Camp |
| 1:11 | Create | Villager (Male) |
| 1:11 | Create | Villager (Male) |
| 1:45 | Create | Villager (Male) |
| 2:27 | Create | Villager (Male) |
| 3:17 | Create | Villager (Male) |
| 3:40 | Create | Villager (Male) |
| 3:50 | Build | Mill |
| 3:59 | Create | Villager (Male) |
| 4:25 | Create | Villager (Male) |
| 4:35 | Build | House |
| 4:52 | Create | Villager (Male) |
| 5:19 | Create | Villager (Male) |
| 5:42 | Create | Villager (Male) |
| 5:57 | Create | Villager (Male) |
| 6:42 | Create | Villager (Male) |
| 7:26 | Research | Feudal Age |
| 7:26 | Research | Feudal Age |
| 7:56 | Build | Lumber Camp |
| 8:09 | Build | House |
| 8:27 | Build | Barracks |
| 8:41 | Build | House |
| 9:08 | Create | Villager (Male) |
| 9:19 | Build | Palisade Wall |
| 9:20 | Build | Palisade Wall |
| 9:36 | Age | Feudal Age |
| 9:40 | Build | Stable |
| 9:45 | Build | Blacksmith |
| 9:54 | Research | Double-Bit Axe |
| 9:54 | Research | Horse Collar |
| 9:57 | Create | Villager (Male) |
| 10:14 | Build | House |
| 10:23 | Create | Scout Cavalry |
| 10:26 | Create | Villager (Male) |
| 10:27 | Build | Mining Camp |
| 10:40 | Build | House |
| 10:41 | Create | Scout Cavalry |
| 10:45 | Research | Scale Barding Armor |
| 10:46 | Create | Villager (Male) |
| 10:49 | Build | Farm |
| 11:15 | Build | House |
| 11:18 | Create | Scout Cavalry |
| 11:22 | Build | House |
| 11:27 | Create | Villager (Male) |
| 11:42 | Create | Villager (Male) |
| 11:45 | Build | Farm |
| 12:00 | Create | Scout Cavalry |
| 12:08 | Build | Farm |
| 12:12 | Build | House |
| 12:12 | Build | House |
| 12:18 | Create | Scout Cavalry |
| 12:22 | Build | Farm |
| 12:26 | Build | House |
| 12:38 | Build | House |
| 12:40 | Build | House |
| 12:46 | Create | Villager (Male) |
| 12:56 | Create | Scout Cavalry |
| 13:23 | Create | Scout Cavalry |
| 13:36 | Create | Villager (Male) |
| 13:37 | Build | Farm |
| 13:47 | Create | Villager (Male) |
| 13:59 | Build | Market |
| 14:01 | Create | Villager (Male) |
| 14:03 | Build | House |
| 14:04 | Build | House |
| 14:21 | Build | Stable |
| 14:25 | Create | Scout Cavalry |
| 14:39 | Create | Scout Cavalry |
| 14:43 | Build | House |
| 14:50 | Create | Scout Cavalry |
| 14:59 | Build | Farm |
| 15:00 | Build | Farm |
| 15:06 | Create | Scout Cavalry |
| 15:06 | Create | Scout Cavalry |
| 15:10 | Build | House |
| 15:15 | Build | House |
| 15:25 | Build | House |
| 15:36 | Create | Scout Cavalry |
| 15:36 | Create | Scout Cavalry |
| 15:41 | Build | House |
| 15:50 | Create | Scout Cavalry |
| 15:51 | Create | Scout Cavalry |
| 15:52 | Create | Villager (Male) |
| 15:53 | Create | Villager (Male) |
| 16:23 | Research | Forging |
| 16:23 | Research | Forging |
| 16:33 | Create | Scout Cavalry |
| 16:39 | Build | House |
| 16:47 | Build | Farm |
| 16:59 | Create | Scout Cavalry |
| 17:12 | Build | Farm |
| 17:13 | Build | Farm |
| 17:15 | Build | Farm |
| 17:28 | Create | Villager (Male) |
| 17:29 | Build | Farm |
| 17:30 | Build | Farm |
| 17:45 | Create | Villager (Male) |
| 17:47 | Build | Farm |
| 17:47 | Build | Farm |
| 18:05 | Create | Villager (Male) |
| 18:07 | Build | House |
| 18:23 | Create | Scout Cavalry |
| 18:37 | Build | Farm |
| 18:38 | Build | Farm |
| 18:41 | Create | Villager (Male) |
| 19:02 | Build | Farm |
| 19:04 | Create | Scout Cavalry |
| 19:04 | Create | Scout Cavalry |
| 19:12 | Build | Farm |
| 19:15 | Build | House |
| 19:16 | Build | House |
| 19:36 | Create | Scout Cavalry |
| 19:37 | Create | Scout Cavalry |
| 19:41 | Build | Farm |
| 19:42 | Build | Farm |
| 19:43 | Build | Farm |
| 19:51 | Create | Villager (Male) |
| 19:59 | Create | Villager (Male) |
| 20:05 | Build | Farm |
| 20:25 | Create | Villager (Male) |
| 20:26 | Create | Scout Cavalry |
| 20:26 | Create | Scout Cavalry |
| 20:32 | Create | Villager (Male) |
| 20:33 | Build | House |
| 20:35 | Build | Palisade Wall |
| 20:47 | Create | Villager (Male) |
| 20:59 | Research | Bloodlines |
| 21:06 | Build | Palisade Gate |
| 21:11 | Create | Scout Cavalry |
| 21:14 | Create | Villager (Male) |
| 21:27 | Create | Villager (Male) |
| 21:44 | Create | Scout Cavalry |
| 21:45 | Create | Scout Cavalry |
| 21:51 | Build | Mining Camp |
| 21:55 | Create | Villager (Male) |
Build order — Ux'Randy Strange
128 actions detected in the replay
| 0:00 | Create | Villager (Male) |
| 0:00 | Create | Villager (Male) |
| 0:02 | Build | House |
| 0:04 | Build | House |
| 0:07 | Research | Loom |
| 0:08 | Create | Villager (Male) |
| 0:15 | Create | Villager (Male) |
| 0:15 | Create | Villager (Male) |
| 0:15 | Create | Villager (Male) |
| 0:16 | Create | Villager (Male) |
| 0:24 | Create | Villager (Male) |
| 1:11 | Create | Villager (Male) |
| 1:11 | Create | Villager (Male) |
| 1:43 | Build | Lumber Camp |
| 1:50 | Create | Villager (Male) |
| 2:36 | Create | Villager (Male) |
| 2:48 | Build | House |
| 2:56 | Create | Villager (Male) |
| 3:15 | Build | House |
| 3:57 | Create | Villager (Male) |
| 4:58 | Build | Mining Camp |
| 4:59 | Create | Villager (Male) |
| 5:28 | Research | Feudal Age |
| 6:12 | Create | Villager (Male) |
| 6:29 | Create | Villager (Male) |
| 6:33 | Build | House |
| 6:53 | Build | Palisade Wall |
| 6:55 | Build | Palisade Wall |
| 6:56 | Build | Palisade Wall |
| 6:59 | Build | Palisade Wall |
| 7:20 | Create | Villager (Male) |
| 7:38 | Age | Feudal Age |
| 7:39 | Build | Watch Tower |
| 7:50 | Build | House |
| 7:52 | Build | Palisade Wall |
| 8:04 | Build | Palisade Wall |
| 8:05 | Build | Palisade Wall |
| 8:06 | Build | Palisade Wall |
| 8:06 | Build | Palisade Wall |
| 8:15 | Build | Watch Tower |
| 8:24 | Create | Villager (Male) |
| 8:28 | Build | House |
| 8:34 | Create | Villager (Male) |
| 9:02 | Create | Villager (Male) |
| 9:37 | Build | Watch Tower |
| 9:52 | Build | Palisade Wall |
| 10:06 | Create | Villager (Male) |
| 10:09 | Build | Watch Tower |
| 10:11 | Build | Palisade Wall |
| 10:20 | Build | House |
| 11:12 | Create | Villager (Male) |
| 11:15 | Create | Villager (Male) |
| 11:19 | Create | Villager (Male) |
| 11:37 | Build | Watch Tower |
| 11:48 | Build | Watch Tower |
| 11:53 | Create | Villager (Male) |
| 12:03 | Create | Villager (Male) |
| 12:30 | Build | Mill |
| 12:47 | Create | Villager (Male) |
| 12:54 | Build | House |
| 12:55 | Build | Palisade Wall |
| 12:56 | Build | Palisade Wall |
| 12:56 | Build | Palisade Wall |
| 12:58 | Build | Palisade Wall |
| 13:09 | Create | Villager (Male) |
| 13:38 | Build | House |
| 13:46 | Build | House |
| 13:48 | Build | Palisade Wall |
| 13:57 | Create | Villager (Male) |
| 14:18 | Create | Villager (Male) |
| 14:40 | Build | Barracks |
| 14:41 | Build | House |
| 14:53 | Create | Villager (Male) |
| 15:25 | Create | Villager (Male) |
| 15:32 | Build | Farm |
| 15:33 | Build | Farm |
| 15:34 | Create | Villager (Male) |
| 15:45 | Build | Mining Camp |
| 16:17 | Build | Watch Tower |
| 16:20 | Create | Villager (Male) |
| 16:23 | Create | Villager (Male) |
| 16:28 | Build | Watch Tower |
| 16:29 | Build | Palisade Wall |
| 16:31 | Build | Palisade Wall |
| 16:52 | Build | Palisade Wall |
| 16:54 | Build | Palisade Wall |
| 16:56 | Build | Palisade Wall |
| 16:58 | Build | Palisade Wall |
| 17:00 | Build | Palisade Wall |
| 17:03 | Create | Villager (Male) |
| 17:10 | Create | Villager (Male) |
| 17:13 | Build | Palisade Wall |
| 17:15 | Build | Palisade Wall |
| 17:15 | Build | Palisade Wall |
| 17:16 | Build | Palisade Wall |
| 17:41 | Build | House |
| 17:48 | Create | Villager (Male) |
| 18:16 | Create | Villager (Male) |
| 18:36 | Build | Farm |
| 18:37 | Build | Farm |
| 18:37 | Build | Farm |
| 18:39 | Build | Farm |
| 18:40 | Build | Farm |
| 18:41 | Build | Farm |
| 18:43 | Build | House |
| 18:46 | Build | Farm |
| 18:47 | Build | Farm |
| 18:48 | Create | Villager (Male) |
| 19:04 | Build | Archery Range |
| 19:29 | Create | Villager (Male) |
| 19:50 | Create | Villager (Male) |
| 20:01 | Build | Archery Range |
| 20:04 | Build | House |
| 20:06 | Build | Palisade Wall |
| 20:15 | Build | House |
| 20:19 | Build | Palisade Wall |
| 20:49 | Create | Villager (Male) |
| 20:49 | Create | Villager (Male) |
| 20:59 | Build | Farm |
| 21:01 | Build | Farm |
| 21:11 | Build | Palisade Wall |
| 21:30 | Build | Farm |
| 21:31 | Build | Farm |
| 21:34 | Create | Villager (Male) |
| 21:41 | Build | Palisade Wall |
| 21:45 | Create | Villager (Male) |
| 21:51 | Build | Palisade Wall |
| 22:12 | Create | Villager (Male) |
Build order — UXKEKO
First 150 of 153 actions detected
| 0:02 | Create | Villager (Male) |
| 0:02 | Research | Loom |
| 0:04 | Build | House |
| 0:07 | Build | House |
| 0:08 | Build | House |
| 0:17 | Create | Villager (Male) |
| 0:17 | Create | Villager (Male) |
| 0:17 | Create | Villager (Male) |
| 0:24 | Create | Villager (Male) |
| 0:24 | Create | Villager (Male) |
| 1:00 | Create | Villager (Male) |
| 1:01 | Create | Villager (Male) |
| 1:25 | Build | Lumber Camp |
| 1:49 | Create | Villager (Male) |
| 2:10 | Create | Villager (Male) |
| 2:10 | Create | Villager (Male) |
| 2:46 | Create | Villager (Male) |
| 2:46 | Create | Villager (Male) |
| 2:48 | Create | Villager (Male) |
| 2:49 | Build | House |
| 2:50 | Build | House |
| 3:16 | Create | Villager (Male) |
| 3:16 | Create | Villager (Male) |
| 3:24 | Build | House |
| 3:35 | Create | Villager (Male) |
| 3:35 | Create | Villager (Male) |
| 4:41 | Build | Mill |
| 5:42 | Research | Feudal Age |
| 5:43 | Research | Feudal Age |
| 6:09 | Build | Lumber Camp |
| 7:43 | Build | Barracks |
| 7:46 | Create | Villager (Male) |
| 8:03 | Create | Villager (Male) |
| 8:29 | Create | Villager (Male) |
| 8:32 | Build | Stable |
| 8:48 | Research | Double-Bit Axe |
| 8:49 | Create | Villager (Male) |
| 8:51 | Build | House |
| 9:11 | Create | Scout Cavalry |
| 9:11 | Create | Scout Cavalry |
| 9:12 | Create | Scout Cavalry |
| 9:12 | Create | Scout Cavalry |
| 9:12 | Create | Scout Cavalry |
| 9:18 | Build | Farm |
| 9:29 | Create | Villager (Male) |
| 9:30 | Create | Villager (Male) |
| 9:47 | Create | Villager (Male) |
| 9:48 | Create | Villager (Male) |
| 9:48 | Create | Villager (Male) |
| 10:00 | Build | Blacksmith |
| 10:05 | Build | Palisade Wall |
| 10:13 | Create | Villager (Male) |
| 10:14 | Create | Villager (Male) |
| 10:28 | Create | Scout Cavalry |
| 10:32 | Create | Villager (Male) |
| 11:14 | Create | Scout Cavalry |
| 11:16 | Create | Villager (Male) |
| 11:16 | Create | Villager (Male) |
| 11:16 | Create | Villager (Male) |
| 11:43 | Create | Scout Cavalry |
| 11:43 | Create | Villager (Male) |
| 11:43 | Create | Villager (Male) |
| 11:44 | Create | Villager (Male) |
| 12:13 | Build | House |
| 12:27 | Research | Scale Barding Armor |
| 12:30 | Create | Villager (Male) |
| 12:33 | Build | Farm |
| 12:33 | Build | Farm |
| 12:33 | Build | Farm |
| 12:33 | Build | Farm |
| 12:34 | Build | Farm |
| 12:34 | Build | Farm |
| 12:34 | Build | Farm |
| 12:34 | Build | Farm |
| 12:35 | Build | Farm |
| 12:35 | Build | Farm |
| 12:35 | Build | Farm |
| 12:35 | Build | Farm |
| 12:42 | Create | Scout Cavalry |
| 12:42 | Create | Scout Cavalry |
| 12:53 | Build | House |
| 12:53 | Build | House |
| 13:33 | Create | Scout Cavalry |
| 13:33 | Create | Scout Cavalry |
| 13:42 | Create | Villager (Male) |
| 13:43 | Create | Villager (Male) |
| 13:45 | Build | Farm |
| 13:45 | Build | Farm |
| 13:46 | Build | Farm |
| 13:46 | Build | Farm |
| 13:46 | Build | Farm |
| 13:46 | Build | Farm |
| 13:53 | Build | House |
| 13:53 | Build | House |
| 14:19 | Research | Forging |
| 14:20 | Research | Forging |
| 14:47 | Create | Scout Cavalry |
| 14:48 | Create | Villager (Male) |
| 14:48 | Create | Villager (Male) |
| 14:49 | Create | Villager (Male) |
| 15:05 | Create | Villager (Male) |
| 15:07 | Build | Farm |
| 15:08 | Build | Mining Camp |
| 15:11 | Build | House |
| 15:12 | Build | House |
| 15:16 | Create | Scout Cavalry |
| 15:17 | Create | Scout Cavalry |
| 15:51 | Create | Scout Cavalry |
| 15:53 | Create | Villager (Male) |
| 15:58 | Build | Farm |
| 15:59 | Create | Villager (Male) |
| 16:28 | Create | Scout Cavalry |
| 16:28 | Create | Scout Cavalry |
| 16:30 | Create | Villager (Male) |
| 16:36 | Build | Stable |
| 16:50 | Research | Bloodlines |
| 16:50 | Research | Bloodlines |
| 17:04 | Create | Villager (Male) |
| 17:21 | Create | Villager (Male) |
| 17:53 | Create | Scout Cavalry |
| 17:54 | Create | Villager (Male) |
| 17:59 | Create | Villager (Male) |
| 18:01 | Build | Farm |
| 18:03 | Research | Wheelbarrow |
| 18:03 | Research | Wheelbarrow |
| 18:03 | Research | Wheelbarrow |
| 18:28 | Create | Villager (Male) |
| 18:34 | Create | Scout Cavalry |
| 18:44 | Create | Villager (Male) |
| 18:48 | Build | House |
| 18:51 | Build | Market |
| 19:05 | Create | Villager (Male) |
| 19:07 | Build | Farm |
| 19:09 | Build | Farm |
| 19:09 | Build | Farm |
| 19:09 | Build | Farm |
| 19:09 | Build | Farm |
| 19:09 | Build | Farm |
| 19:10 | Build | Farm |
| 19:10 | Build | Farm |
| 19:10 | Build | Farm |
| 19:52 | Create | Villager (Male) |
| 20:06 | Build | House |
| 20:07 | Build | House |
| 20:09 | Build | House |
| 20:34 | Research | Castle Age |
| 20:35 | Research | Castle Age |
| 21:08 | Build | Farm |
| 21:35 | Research | Horse Collar |
| 21:35 | Research | Horse Collar |
Build order — CR | Harahgon
104 actions detected in the replay
| 0:02 | Research | Loom |
| 0:04 | Build | House |
| 0:04 | Build | House |
| 0:07 | Build | House |
| 0:19 | Create | Villager (Male) ×4 |
| 1:14 | Create | Villager (Male) |
| 1:24 | Build | Lumber Camp |
| 1:54 | Create | Villager (Male) |
| 2:14 | Create | Villager (Male) |
| 2:45 | Create | Villager (Male) |
| 2:46 | Create | Villager (Male) |
| 3:21 | Create | Villager (Male) |
| 3:21 | Create | Villager (Male) |
| 3:50 | Create | Villager (Male) |
| 3:50 | Create | Villager (Male) |
| 4:20 | Build | Mill |
| 4:28 | Create | Villager (Male) |
| 4:52 | Build | House |
| 5:13 | Create | Villager (Male) |
| 5:14 | Create | Villager (Male) |
| 5:19 | Build | House |
| 6:04 | Build | Palisade Wall |
| 6:04 | Build | Palisade Wall |
| 6:08 | Create | Villager (Male) |
| 6:33 | Create | Villager (Male) |
| 6:43 | Build | Farm |
| 6:46 | Build | Farm |
| 6:48 | Build | Farm |
| 6:49 | Create | Villager (Male) |
| 6:55 | Build | House |
| 7:54 | Research | Feudal Age |
| 8:11 | Build | Mining Camp |
| 9:42 | Build | Barracks |
| 9:52 | Build | Barracks |
| 10:04 | Age | Feudal Age |
| 10:10 | Create | Villager (Male) |
| 10:45 | Create | Villager (Male) |
| 11:14 | Create | Villager (Male) |
| 11:17 | Build | Stable |
| 11:21 | Build | Blacksmith |
| 11:31 | Create | Spearman |
| 12:13 | Research | Castle Age |
| 12:13 | Research | Castle Age |
| 12:19 | Create | Scout Cavalry |
| 12:43 | Build | Stable |
| 13:06 | Create | Scout Cavalry |
| 13:28 | Create | Spearman |
| 13:31 | Build | Palisade Gate |
| 13:32 | Build | Palisade Wall |
| 13:35 | Build | Palisade Wall |
| 14:04 | Build | Palisade Wall |
| 14:21 | Build | Palisade Wall |
| 14:40 | Create | Spearman |
| 14:53 | Age | Castle Age |
| 14:56 | Create | Knight |
| 14:56 | Create | Knight |
| 15:11 | Build | Palisade Wall |
| 15:16 | Build | Palisade Wall |
| 15:18 | Create | Villager (Male) |
| 15:25 | Build | Town Center |
| 15:30 | Create | Villager (Male) |
| 15:35 | Build | House |
| 15:37 | Build | Palisade Gate |
| 15:43 | Build | House |
| 16:04 | Build | Palisade Wall |
| 16:09 | Create | Villager (Male) |
| 16:21 | Create | Villager (Male) |
| 16:27 | Create | Knight |
| 16:27 | Create | Knight |
| 16:33 | Build | Farm |
| 16:35 | Build | Farm |
| 16:41 | Research | Horse Collar |
| 17:00 | Create | Knight |
| 17:00 | Create | Knight |
| 17:03 | Create | Villager (Male) |
| 17:35 | Create | Villager (Male) |
| 17:35 | Create | Villager (Male) |
| 17:39 | Build | Farm |
| 17:41 | Build | Farm |
| 18:01 | Create | Villager (Male) |
| 18:01 | Create | Villager (Male) |
| 18:02 | Build | Farm |
| 18:37 | Build | Farm |
| 18:43 | Create | Villager (Male) |
| 18:43 | Create | Villager (Male) |
| 18:48 | Build | House |
| 18:49 | Build | House |
| 19:38 | Build | House |
| 19:40 | Build | House |
| 19:42 | Build | House |
| 19:43 | Build | House |
| 19:44 | Build | House |
| 20:07 | Create | Villager (Male) |
| 20:07 | Create | Villager (Male) |
| 20:13 | Create | Knight |
| 20:14 | Create | Knight |
| 20:17 | Build | Farm |
| 20:42 | Research | Scale Barding Armor |
| 21:00 | Build | Monastery |
| 21:36 | Build | Town Center |
| 21:38 | Create | Monk |
| 21:38 | Create | Monk |
| 21:40 | Create | Villager (Male) |
| 21:40 | Create | Villager (Male) |
Match timeline
| 5:46 | DS_John III · wall_segment Palisade Wall x1 |
| 5:49 | DS_John III · wall_segment Palisade Wall x9 |
| 5:50 | DS_John III · wall_segment Palisade Wall x6 |
| 6:04 | CR | Harahgon · wall_segment Palisade Wall x5 |
| 6:04 | CR | Harahgon · wall_segment Palisade Wall x6 |
| 6:26 | Ux'LobodeLaNieve · first_building Barracks |
| 6:30 | DS_John III · wall_segment Palisade Wall x1 |
| 6:36 | DS_John III · first_building Barracks |
| 6:41 | Marciano_ · first_building Barracks |
| 6:47 | Ux'Max <3 · first_building Barracks |
| 6:53 | Ux'Randy Strange · wall_segment Palisade Wall x1 |
| 6:55 | Ux'Randy Strange · wall_segment Palisade Wall x1 |
| 6:56 | Ux'Randy Strange · wall_segment Palisade Wall x1 |
| 6:59 | Ux'Randy Strange · wall_segment Palisade Wall x1 |
| 7:09 | DS_John III · wall_segment Palisade Wall x1 |
| 7:10 | DS_John III · wall_segment Palisade Wall x1 |
| 7:26 | Ux'LobodeLaNieve · age_up feudal |
| 7:27 | Ux'LobodeLaNieve · first_building Archery Range |
| 7:38 | Ux'Randy Strange · age_up feudal |
| 7:41 | DS_John III · wall_segment Palisade Wall x1 |
| 7:43 | UXKEKO · first_building Barracks |
| 7:52 | Ux'Randy Strange · wall_segment Palisade Wall x1 |
| 7:54 | Ux'Max <3 · age_up feudal |
| 8:02 | Ux'Max <3 · first_building Stable |
| 8:04 | Ux'Randy Strange · wall_segment Palisade Wall x1 |
| 8:05 | Ux'Randy Strange · wall_segment Palisade Wall x1 |
| 8:06 | Ux'Randy Strange · wall_segment Palisade Wall x1 |
| 8:06 | Ux'Randy Strange · wall_segment Palisade Wall x1 |
| 8:10 | Marciano_ · age_up feudal |
| 8:13 | Marciano_ · first_building Archery Range |
| 8:27 | Suinsi · first_building Barracks |
| 8:32 | UXKEKO · first_building Stable |
| 8:43 | DS_John III · wall_segment Palisade Wall x11 |
| 9:19 | Suinsi · wall_segment Palisade Wall x4 |
| 9:20 | Suinsi · wall_segment Palisade Wall x4 |
| 9:36 | Suinsi · age_up feudal |
| 9:40 | Suinsi · first_building Stable |
| 9:42 | CR | Harahgon · first_building Barracks |
| 9:43 | Marciano_ · wall_segment Palisade Wall x1 |
| 9:52 | Ux'Randy Strange · wall_segment Palisade Wall x1 |
| 10:04 | CR | Harahgon · age_up feudal |
| 10:05 | UXKEKO · wall_segment Palisade Wall x9 |
| 10:11 | Ux'Randy Strange · wall_segment Palisade Wall x1 |
| 10:24 | DS_John III · age_up feudal |
| 10:30 | Ux'LobodeLaNieve · wall_segment Palisade Wall x2 |
| 10:33 | Ux'LobodeLaNieve · wall_segment Palisade Wall x4 |
| 10:36 | Ux'LobodeLaNieve · wall_segment Palisade Wall x6 |
| 10:39 | Ux'LobodeLaNieve · wall_segment Palisade Wall x11 |
| 10:43 | Marciano_ · wall_segment Palisade Wall x4 |
| 11:11 | Marciano_ · wall_segment Palisade Wall x8 |
| 11:17 | CR | Harahgon · first_building Stable |
| 11:26 | Marciano_ · wall_segment Palisade Wall x1 |
| 11:44 | DS_John III · wall_segment Palisade Wall x1 |
| 12:05 | Ux'Max <3 · wall_segment Palisade Wall x1 |
| 12:26 | Ux'LobodeLaNieve · wall_segment Palisade Wall x15 |
| 12:55 | Ux'Randy Strange · wall_segment Palisade Wall x1 |
| 12:56 | Ux'Randy Strange · wall_segment Palisade Wall x1 |
| 12:56 | Ux'Randy Strange · wall_segment Palisade Wall x1 |
| 12:58 | Ux'Randy Strange · wall_segment Palisade Wall x1 |
| 13:32 | CR | Harahgon · wall_segment Palisade Wall x1 |
| 13:35 | CR | Harahgon · wall_segment Palisade Wall x16 |
| 13:48 | Ux'Randy Strange · wall_segment Palisade Wall x1 |
| 13:59 | Marciano_ · wall_segment Palisade Wall x9 |
| 14:04 | CR | Harahgon · wall_segment Palisade Wall x1 |
| 14:11 | DS_John III · wall_segment Palisade Wall x1 |
| 14:12 | DS_John III · wall_segment Palisade Wall x1 |
| 14:12 | DS_John III · wall_segment Palisade Wall x1 |
| 14:16 | DS_John III · wall_segment Palisade Wall x11 |
| 14:18 | DS_John III · wall_segment Palisade Wall x6 |
| 14:21 | CR | Harahgon · wall_segment Palisade Wall x1 |
| 14:32 | Ux'Max <3 · wall_segment Palisade Wall x1 |
| 14:34 | Ux'Max <3 · wall_segment Palisade Wall x1 |
| 14:35 | Ux'Max <3 · wall_segment Palisade Wall x1 |
| 14:40 | Ux'Randy Strange · first_building Barracks |
| 14:53 | CR | Harahgon · age_up castle |
| 15:03 | Suinsi · first_market_buy 100 food |
| 15:03 | Suinsi · first_market_sell 100 stone |
| 15:11 | CR | Harahgon · wall_segment Palisade Wall x1 |
| 15:16 | CR | Harahgon · wall_segment Palisade Wall x1 |
| 16:04 | CR | Harahgon · wall_segment Palisade Wall x1 |
| 16:29 | Ux'Randy Strange · wall_segment Palisade Wall x1 |
| 16:31 | Ux'Randy Strange · wall_segment Palisade Wall x1 |
| 16:52 | Ux'Randy Strange · wall_segment Palisade Wall x1 |
| 16:54 | Ux'Randy Strange · wall_segment Palisade Wall x1 |
| 16:56 | Ux'Randy Strange · wall_segment Palisade Wall x1 |
| 16:57 | Marciano_ · wall_segment Palisade Wall x8 |
| 16:58 | Ux'Randy Strange · wall_segment Palisade Wall x1 |
| 17:00 | Ux'Randy Strange · wall_segment Palisade Wall x1 |
| 17:13 | Ux'Randy Strange · wall_segment Palisade Wall x1 |
| 17:15 | Ux'Randy Strange · wall_segment Palisade Wall x1 |
| 17:15 | Ux'Randy Strange · wall_segment Palisade Wall x1 |
| 17:16 | Ux'Randy Strange · wall_segment Palisade Wall x1 |
| 17:49 | Ux'LobodeLaNieve · first_market_sell 100 stone |
| 17:49 | Ux'LobodeLaNieve · first_market_buy 100 food |
| 19:00 | Ux'Max <3 · wall_segment Palisade Wall x1 |
| 19:04 | Ux'Randy Strange · first_building Archery Range |
| 19:35 | Marciano_ · first_market_buy 100 food |
| 19:38 | Marciano_ · first_market_sell 100 wood |
| 19:57 | Ux'Max <3 · age_up castle |
| 20:06 | Ux'Randy Strange · wall_segment Palisade Wall x5 |
| 20:19 | Ux'Randy Strange · wall_segment Palisade Wall x1 |
| 20:25 | UXKEKO · first_market_buy 100 food |
| 20:34 | UXKEKO · first_market_sell 100 wood |
| 20:35 | Suinsi · wall_segment Palisade Wall x12 |
| 20:45 | DS_John III · first_market_sell 100 stone |
| 21:00 | CR | Harahgon · first_building Monastery |
| 21:11 | Ux'Randy Strange · wall_segment Palisade Wall x9 |
| 21:28 | Ux'LobodeLaNieve · age_up castle |
| 21:41 | Ux'Randy Strange · wall_segment Palisade Wall x6 |
| 21:46 | Marciano_ · resign |
| 21:51 | Ux'Randy Strange · wall_segment Palisade Wall x10 |
[ AI ANALYSIS · 1 CREDIT ]
What really happened in this match?
Wolo.gg analyzes every decision: build order, eco, micro, common mistakes by bracket. Personalized analysis on WhatsApp or Discord in 30 seconds.
Civ guide
Malians
Map guide
MegaRandom
Perfil
chambritas